Map: Piliers d'or EC

Players

WipeR - Winner!

  • Race: Terran Terran
  • League: Platinum
  • Spawn Location: 7:00

VOD

Have the link to the VOD?

Description

Time

  • Played on: Dec. 29, 2020, 4:12 a.m.
  • Length: 9:22
Show
View Real Time Build Order
Export as new Build Order

WipeR Terran - Winner!

Build Orders:  

Get SALT Encoding   

  12  0:01  SCV  
  13  0:17  SCV  
  14  0:26  Supply Depot  
  14  0:34  SCV  
  15  0:41  Refinery  
  15  0:56  SCV  
  16  1:06  Barracks  
  16  1:13  SCV  
  17  1:22  Refinery  
  17  1:30  SCV  
  18  1:47  SCV  
  19  2:12  Orbital Command  
  19  2:15  Supply Depot  
  19  2:17  Reaper  
  20  2:35  Factory  
  20  2:48  SCV  
  21  3:04  Barracks Reactor  
  21  3:05  SCV  
  22  3:22  SCV  
  22  3:27  Supply Depot  
  23  3:39  Starport  
  23  3:55  Widow Mine x2  
  23  4:01  SCV  
  28  4:11  Marine  
  28  4:17  Command Center  
  28  4:18  SCV  
  30  4:25  Supply Depot  
  30  4:35  Widow Mine x2  
  30  4:36  Medivac  
  36  4:56  Armory  
  36  5:02  Marine  
  37  5:20  Widow Mine x2  
  37  5:31  Marine  
  37  5:37  SCV  
  46  5:53  SCV  
  46  5:57  Widow Mine x2  
  47  6:08  Marine, Bunker  
  52  6:34  Unknown  
  52  6:49  Widow Mine x2  
  52  6:57  Marine  
  60  7:41  Unknown  
  60  7:44  Widow Mine  
  59  7:52  Marine  
  62  8:01  Unknown  
Tags
 
Add a new tag
Caveats
  • Supply blocks, unpowered buildings, or Contaminate may cause inaccurate times.
  • Supply counts are checked every 10 seconds.